Unix NetHack Version 5.0.0-0 post-release - last build May 17 2026 04:57:42 (dc50c8380fa5e20985bfe3072449f57b8d9895ef,branch:main).

Game began 2026-05-17 08:51:37, ended 2026-05-17 09:01:03.

ArrBianca, lawful female human Archeologist

                       ----------.-
                       |..........|
                      #-..........|
                i#  ###|..<.......|
                 @  #  |..........|
                 #  #  -.----------
                 #  #
             ----|- #
             |....|##
             |....|#
             |*.>.-#
             ------

ArrBianca the Field Worker  St:9 Dx:12 Co:12 In:13 Wi:13 Ch:11  Lawful
Dlvl:3  $:313 HP:0(32) Pw:14(14) AC:9  Xp:3 T:937  Burdened

Latest messages:
 Your movements are slowed slightly because of your load.
 You finish eating the large kobold corpse.
 You have a little trouble lifting $ - 5 gold pieces (313 in total).
 Are you sure you want to pray? [yn] (n) y
 You begin praying to Quetzalcoatl.
 You are surrounded by a shimmering light.
 You finish your prayer.
 You feel that Quetzalcoatl is well-pleased.
 The door opens.
 You find a hidden door.
 The door resists!
 The door opens.
 The gecko bites!
 You lash the gecko.
 You miss the gecko.
 The gecko bites!
 You miss the gecko.
 The gecko bites!
 You lash the gecko.
 You miss the gecko.
 The gecko bites!
 You kill the gecko!
 You see here a blue gem.
 You have a little trouble lifting H - a blue gem.
 What do you want to use or apply? [af-ilo or ?*] g
 What do you want to rub on the stone? [$H or ?*] H
 H - a worthless piece of blue glass.
 What do you want to drop? [$a-cf-mo-suwyBD-H or ?*] H
 You drop a worthless piece of blue glass.
 You have a little trouble lifting I - a head of romanesco.
 This door is locked.
 Unlock it with your key? [ynq] (q) y
 You succeed in unlocking the door.
 The door opens.
 The homunculus bites!
 You are put to sleep by the homunculus!
 The homunculus bites!
 The homunculus bites!
 The homunculus bites!
 The homunculus bites!
 The homunculus bites!
 You wake up.
 The homunculus bites!
 You are put to sleep by the homunculus!
 The homunculus bites!
 The homunculus bites!
 The homunculus bites!
 The homunculus bites!
 You die...
 Do you want an account of creatures vanquished? [ynaq] (y) q

Inventory:
 Coins    ('$')
  $ - 313 gold pieces
 Weapons  (')')
  p - 14 +0 darts
  E - a +0 orcish dagger (alternate weapon; not wielded)
  a - a +2 bullwhip (weapon in right hand)
 Armor    ('[')
  c - an uncursed +0 fedora (being worn)
  q - an uncursed rustproof +0 orcish helm
  D - an uncursed +0 orcish helm
  F - an uncursed +0 orcish helm
  b - an uncursed +0 leather jacket (being worn)
 Comestibles  ('%')
  I - an uncursed head of romanesco
  B - 7 uncursed food rations
  r - an uncursed homemade tin of goblin meat
  u - an uncursed homemade tin of newt meat
 Scrolls  ('?')
  s - an uncursed scroll of fire
  k - an uncursed scroll of identify
  G - a cursed scroll of identify
 Spellbooks  ('+')
  l - an uncursed spellbook of cancellation
 Potions  ('!')
  j - an uncursed potion of extra healing
  w - an uncursed potion of gain energy
  m - an uncursed potion of gain level
  y - an uncursed potion of water
 Tools    ('(')
  h - an empty uncursed sack
  i - an uncursed oil lamp
  o - an uncursed skeleton key
  f - a tinning kit (0:76)
 Gems/Stones  ('*')
  g - an uncursed touchstone

ArrBianca the Archeologist's attributes:

Background:
 You were a Field Worker, a level 3 female human Archeologist.
 You were lawful, on a mission for Quetzalcoatl
 who was opposed by Camaxtli (neutral) and Huhetotl (chaotic).
 You were right-handed.
 You were in the Dungeons of Doom, on level 3.
 You entered the dungeon 937 turns ago.
 There was a new moon in effect when your adventure ended.
 You had 45 experience points, 35 more were needed to attain level 4.

Basics:
 You had 0 out of 32 hit points.
 You had all 14 energy points (spell power).
 Your armor class was 9.
 Your wallet contained 313 zorkmids.
 Autopickup was on for '$?!/="+%' plus thrown, with exceptions.

Final Characteristics:
 Your strength was 9 (peak:14, limit:18/100).
 Your dexterity was 12 (limit:18).
 Your constitution was 12 (limit:18).
 Your intelligence was 13 (limit:18).
 Your wisdom was 13 (limit:18).
 Your charisma was 11 (limit:18).

Final Status:
 You weren't hungry.
 You were burdened; movement was slightly slowed.
 You were wielding a whip.
 You had basic skill with whip.

Final Attributes:
 You were devoutly aligned.
 You had automatic searching.
 You were lucky.
 You are dead.

Miscellaneous:
 You didn't encounter any bones levels.
 Total elapsed playing time was 9 minutes and 26 seconds.

Major events:
 Turn
    1: ArrBianca the lawful female human Archeologist entered the dungeon
  852: attained the rank of Field Worker (level 3)
  937: killed by a homunculus, while sleeping

You didn't know any spells.

Skills:
 Fighting Skills
   bare handed combat [Unskilled]
   two weapon combat  [Unskilled]
   riding             [Unskilled]
 Weapon Skills
   dagger             [Unskilled]
   knife              [Unskilled]
   pick-axe           [Basic]
   short sword        [Unskilled]
   saber              [Unskilled]
   club               [Unskilled]
   quarterstaff       [Unskilled]
   sling              [Unskilled]
   dart               [Unskilled]
   boomerang          [Unskilled]
   whip               [Basic]
   unicorn horn       [Unskilled]
 Spellcasting Skills
   attack spells      [Unskilled]
   healing spells     [Unskilled]
   divination spells  [Unskilled]
   matter spells      [Unskilled]

Voluntary challenges:
 Character rerolling was not enabled.
 You never genocided any monsters.
 You never polymorphed an object.
 You never changed form.
 You used no wishes.
Achievements:
 You entered a shop.
 You attained the rank of Field Worker.

 The Dungeons of Doom: levels 1 to 3
    Level 1:
       A fountain.
    Level 2:
       A general store, a fountain.
    Level 3: <- You were here.
       Final resting place for
          you, killed by a homunculus, while sleeping.


Vanquished creatures:
  2 large kobolds
  a giant rat
  a gecko
  2 jackals
  a fox
  a kobold
  3 goblins
  5 grid bugs
  3 newts
19 creatures vanquished.

No species were genocided or became extinct.

Game over:
                       ----------
                      /          \
                     /    REST    \
                    /      IN      \
                   /     PEACE      \
                  /                  \
                  |    ArrBianca     |
                  |      313 Au      |
                  |   killed by a    |
                  |    homunculus    |
                  |                  |
                  |                  |
                  |       2026       |
                 *|     *  *  *      | *
        _________)/\\_//(\/(/\)/\//\/|_)_______

Goodbye ArrBianca the Archeologist...

You died in The Dungeons of Doom on dungeon level 3 with 562 points,
and 313 pieces of gold, after 937 moves.
You were level 3 with a maximum of 32 hit points when you died.

